General information
- name: BNet
- type: Ladder team game (AT/RT)
- host: Battle.net
- saver: AMERICA-BEST
map: Mur'gulOasis
- players: 8
- length: 20:14
- speed: Fast
- version: 1.26 W3XP
- replay type: Public
» download(141 KB)
Players
team 1 (winner)
Kvnagol (
teal | 39 APM | 780 actions | 20:13)
5 Blademaster
2 Wind Walk
3 Critical Strike
» actions
| Assign group hotkey | 3 | |
| Build / train | 33 | |
| Enter build submenu | 25 | |
| Enter hero's abilities submenu | 5 | |
| Remove unit from queue | 1 | |
| Right click | 273 | |
| Select / deselect | 88 | |
| Select group hotkey | 271 | |
| Use ability | 81 | |
780 total
» units
» upgrades
» buildings
| Altar of Storms | 1 | |
| Orc Burrow | 4 | |
| Voodoo Lounge | 1 | |
| War Mill | 1 | |
| Stronghold | 2 | |
| Watch Tower | 13 | |
| Beastiary | 1 | |
| Fortress | 1 | |
| Great Hall | 1 | |
25 total
» build order
00:10 Altar of Storms
00:16 Orc Burrow
01:03 Voodoo Lounge
02:36 War Mill
03:39 Stronghold
03:39 Stronghold
03:51 Orc Burrow
04:00 Orc Burrow
05:18 Watch Tower
05:23 Orc Burrow
06:46 Beastiary
09:05 Watch Tower
09:24 Watch Tower
10:39 Watch Tower
10:44 Watch Tower
10:55 Watch Tower
14:19 Watch Tower
14:23 Watch Tower
15:34 Watch Tower
15:38 Watch Tower
15:42 Watch Tower
19:02 Watch Tower
19:04 Fortress
19:13 Great Hall
20:00 Watch Tower
» items
| Healing Salve | 1 | |
| Potion of Healing | 5 | |
| Orb of Venom | 1 | |
| Scroll of Town Portal | 1 | |
8 total
Shiki[JA] (
yellow | 95 APM | 1915 actions | 20:13)
5 Archmage
3 Summon Water Elemental
2 Brilliance Aura
4 Mountain King
2 Storm Bolt
2 Bash
» actions
| Assign group hotkey | 43 | |
| Basic commands | 72 | |
| Build / train | 59 | |
| Enter build submenu | 18 | |
| Enter hero's abilities submenu | 9 | |
| Give item / drop item | 5 | |
| Right click | 740 | |
| Select / deselect | 385 | |
| Select group hotkey | 509 | |
| Use ability | 75 | |
1915 total
» units
| Peasant | 7 | |
| Rifleman | 19 | |
| Mortar Team | 5 | |
31 total
» upgrades
| Gunpowder | 2 | |
| Long Rifles | 1 | |
| Flare | 1 | |
4 total
» buildings
| Farm | 9 | |
| Blacksmith | 1 | |
| Barracks | 1 | |
| Altar of Kings | 1 | |
| Lumber Mill | 1 | |
| Keep | 1 | |
| Arcane Vault | 1 | |
| Workshop | 2 | |
17 total
» build order
00:51 Farm
00:53 Blacksmith
00:57 Barracks
01:02 Altar of Kings
01:09 Farm
01:57 Farm
02:03 Farm
02:22 Lumber Mill
02:44 Farm
03:42 Farm
05:04 Keep
05:09 Arcane Vault
07:16 Farm
08:53 Workshop
08:55 Workshop
10:54 Farm
11:25 Farm
» items
| Scroll of Regeneration | 5 | |
| Lesser Clarity Potion | 2 | |
| Scroll of Town Portal | 3 | |
| Potion of Healing | 1 | |
| Potion of Lesser Invulnerability | 1 | |
12 total

»
AMERICA-BEST (
pink | 69 APM | 1402 actions | 20:14)
6 Warden
3 Shadow Strike
2 Blink
1 Spirit of Vengeance
» actions
| Assign group hotkey | 65 | |
| Basic commands | 50 | |
| Build / train | 52 | |
| Enter build submenu | 16 | |
| Enter hero's abilities submenu | 6 | |
| Remove unit from queue | 3 | |
| Right click | 532 | |
| Select / deselect | 197 | |
| Select group hotkey | 417 | |
| Use ability | 64 | |
1402 total
» units
» upgrades
| Strength of the Wild | 3 | |
| Corrosive Breath | 1 | |
4 total
» buildings
| Moon Well | 6 | |
| Altar of Elders | 1 | |
| Tree of Ages | 2 | |
| Ancient of Wonders | 1 | |
| Hunter's Hall | 1 | |
| Ancient of Wind | 1 | |
| Tree of Eternity | 3 | |
| Chimaera Roost | 3 | |
| Ancient Protector | 5 | |
23 total
» build order
00:10 Moon Well
00:20 Altar of Elders
01:26 Tree of Ages
01:49 Moon Well
02:12 Ancient of Wonders
02:35 Moon Well
02:54 Hunter's Hall
03:55 Ancient of Wind
04:58 Tree of Eternity
04:58 Tree of Eternity
05:04 Moon Well
07:23 Chimaera Roost
07:26 Chimaera Roost
07:49 Chimaera Roost
07:54 Moon Well
12:35 Moon Well
19:53 Ancient Protector
19:54 Ancient Protector
19:54 Ancient Protector
19:54 Ancient Protector
19:55 Ancient Protector
» items
| Staff of Teleportation | 1 | |
| Boots of Speed | 1 | |
| Lesser Clarity Potion | 2 | |
| Healing Salve | 1 | |
| Scroll of Town Portal | 3 | |
| Potion of Mana | 1 | |
| Potion of Invisibility | 1 | |
| Scroll of Healing | 2 | |
12 total
ffog (
red | 46 APM | 926 actions | 20:13)
4 Demon Hunter
1 Immolation
2 Mana Burn
1 Evasion
2 Priestess of the Moon
1 Trueshot Aura
1 Searing Arrows
» actions
| Assign group hotkey | 28 | |
| Build / train | 48 | |
| Enter build submenu | 18 | |
| Enter hero's abilities submenu | 6 | |
| Right click | 388 | |
| Select / deselect | 183 | |
| Select group hotkey | 214 | |
| Use ability | 41 | |
926 total
» units
» upgrades
| Strength of the Wild | 1 | |
| Moon Armor | 1 | |
| Abolish Magic | 1 | |
| Strength of the Moon | 1 | |
| Upgrade Moon Glaive | 1 | |
5 total
» buildings
| Altar of Elders | 1 | |
| Moon Well | 7 | |
| Hunter's Hall | 1 | |
| Ancient of War | 3 | |
| Tree of Ages | 1 | |
| Ancient of Wonders | 1 | |
| Ancient Protector | 2 | |
| Ancient of Lore | 1 | |
| Tree of Eternity | 1 | |
| Tree of Life | 1 | |
19 total
» build order
00:04 Altar of Elders
00:06 Moon Well
01:40 Hunter's Hall
01:43 Ancient of War
01:44 Ancient of War
02:03 Ancient of War
02:27 Moon Well
03:06 Moon Well
04:46 Moon Well
05:43 Tree of Ages
05:59 Moon Well
07:25 Ancient of Wonders
07:40 Ancient Protector
08:25 Moon Well
09:27 Ancient of Lore
10:20 Ancient Protector
10:43 Tree of Eternity
10:56 Moon Well
17:16 Tree of Life
» items
team 2 (loser)

»
TheNorthernNoob (
blue | 77 APM | 1553 actions | 20:07)
7 Dreadlord
3 Vampiric Aura
1 Carrion Swarm
1 Sleep
2 Inferno
1 Paladin
1 Devotion Aura
1 Death Knight
1 Death Coil
» actions
| Assign group hotkey | 24 | |
| Basic commands | 10 | |
| Build / train | 63 | |
| Enter build submenu | 16 | |
| Enter hero's abilities submenu | 8 | |
| Give item / drop item | 1 | |
| Right click | 555 | |
| Select / deselect | 344 | |
| Select group hotkey | 483 | |
| Use ability | 49 | |
1553 total
» units
| Acolyte | 3 | |
| Ghoul | 12 | |
| Necromancer | 6 | |
| Meatwagon | 2 | |
| Gargoyle | 6 | |
| Frost Wyrm | 2 | |
31 total
» upgrades
| Cannibalize | 1 | |
| Unholy Strength | 2 | |
| Unholy Armor | 1 | |
| Exhume Corpses | 1 | |
| Necromancer Training | 1 | |
| Skeletal Longevity | 1 | |
| Freezing Breath | 1 | |
| Creature Attack | 1 | |
9 total
» buildings
| Crypt | 4 | |
| Ziggurat | 5 | |
| Altar of Darkness | 1 | |
| Graveyard | 1 | |
| Tomb of Relics | 1 | |
| Halls of the Dead | 1 | |
| Slaughterhouse | 1 | |
| Temple of the Damned | 2 | |
| Spirit Tower | 3 | |
19 total
» build order
00:12 Crypt
00:21 Ziggurat
00:39 Altar of Darkness
01:13 Graveyard
01:40 Crypt
02:06 Ziggurat
02:52 Ziggurat
04:39 Tomb of Relics
05:32 Ziggurat
05:48 Halls of the Dead
08:19 Slaughterhouse
08:26 Temple of the Damned
08:30 Temple of the Damned
18:54 Crypt
18:59 Crypt
19:13 Spirit Tower
19:14 Spirit Tower
19:16 Spirit Tower
19:22 Ziggurat
» items
| Scroll of Town Portal | 3 | |
| Potion of Healing | 1 | |
4 total

»
Rookie999 (
orange | 49 APM | 718 actions | 14:33)
3 Paladin
1 Holy Light
2 Devotion Aura
1 Blood Mage
1 Flame Strike
» actions
| Assign group hotkey | 13 | |
| Build / train | 39 | |
| ESC pressed | 2 | |
| Enter build submenu | 19 | |
| Enter hero's abilities submenu | 4 | |
| Right click | 331 | |
| Select / deselect | 151 | |
| Select group hotkey | 116 | |
| Use ability | 43 | |
718 total
» units
» upgrades
| Gunpowder | 2 | |
| Armor | 2 | |
| Long Rifles | 1 | |
5 total
» buildings
| Altar of Kings | 1 | |
| Farm | 12 | |
| Barracks | 1 | |
| Lumber Mill | 1 | |
| Blacksmith | 1 | |
| Scout Tower | 10 | |
| Arcane Tower | 3 | |
| Guard Tower | 4 | |
| Keep | 1 | |
| Arcane Vault | 2 | |
| Castle | 1 | |
37 total
» build order
00:15 Altar of Kings
00:21 Farm
00:23 Farm
00:48 Barracks
01:53 Lumber Mill
02:07 Blacksmith
02:40 Scout Tower
02:43 Scout Tower
02:57 Farm
03:12 Arcane Tower
03:52 Guard Tower
04:47 Keep
05:07 Arcane Vault
05:20 Farm
05:20 Farm
05:35 Farm
05:48 Scout Tower
05:50 Scout Tower
07:24 Scout Tower
07:25 Scout Tower
07:28 Scout Tower
07:32 Farm
07:33 Farm
07:34 Farm
08:19 Guard Tower
08:48 Scout Tower
08:49 Scout Tower
08:57 Arcane Tower
10:03 Guard Tower
10:04 Arcane Tower
10:23 Scout Tower
10:53 Guard Tower
10:57 Farm
10:57 Farm
10:59 Farm
12:08 Castle
12:18 Arcane Vault

»
Zenku (
purple | 66 APM | 1335 actions | 20:12)
5 Blademaster
3 Wind Walk
2 Critical Strike
» actions
| Assign group hotkey | 10 | |
| Basic commands | 8 | |
| Build / train | 89 | |
| Enter build submenu | 19 | |
| Enter hero's abilities submenu | 5 | |
| Remove unit from queue | 8 | |
| Right click | 669 | |
| Select / deselect | 338 | |
| Select group hotkey | 90 | |
| Use ability | 99 | |
1335 total
» units
| Peon | 13 | |
| Grunt | 6 | |
| Troll Batrider | 8 | |
| Wind Rider | 7 | |
| Rifleman | 13 | |
47 total
» upgrades
| Spiked Barricades | 1 | |
| Liquid Fire | 1 | |
| Envenomed Spears | 1 | |
| Ranged Weapons | 1 | |
| Masonry | 1 | |
5 total
» buildings
| Orc Burrow | 6 | |
| Altar of Storms | 1 | |
| Barracks | 2 | |
| Voodoo Lounge | 1 | |
| War Mill | 1 | |
| Stronghold | 2 | |
| Watch Tower | 2 | |
| Fortress | 1 | |
| Beastiary | 4 | |
| Scout Tower | 5 | |
| Guard Tower | 5 | |
| Town Hall | 1 | |
31 total
» build order
00:20 Orc Burrow
00:25 Altar of Storms
00:47 Barracks
01:59 Orc Burrow
02:57 Voodoo Lounge
05:21 War Mill
05:44 Orc Burrow
07:05 Stronghold
07:05 Stronghold
08:37 Orc Burrow
08:41 Watch Tower
09:28 Fortress
09:31 Beastiary
09:33 Beastiary
10:26 Beastiary
10:31 Beastiary
10:55 Watch Tower
11:02 Orc Burrow
11:02 Orc Burrow
17:20 Scout Tower
17:21 Scout Tower
17:21 Scout Tower
17:21 Scout Tower
17:21 Scout Tower
17:48 Guard Tower
17:49 Guard Tower
18:22 Guard Tower
18:22 Guard Tower
18:30 Barracks
19:01 Town Hall
» items
| Healing Salve | 4 | |
| Scroll of Town Portal | 1 | |
| Lesser Clarity Potion | 5 | |
| Scroll of Regeneration | 3 | |
13 total

»
mrniceice (
green | 52 APM | 733 actions | 14:11)
4 Death Knight
2 Death Coil
2 Unholy Aura
» actions
| Assign group hotkey | 7 | |
| Build / train | 34 | |
| Enter build submenu | 14 | |
| Enter hero's abilities submenu | 4 | |
| Right click | 439 | |
| Select / deselect | 134 | |
| Select group hotkey | 71 | |
| Use ability | 30 | |
733 total
» units
| Acolyte | 5 | |
| Ghoul | 3 | |
| Crypt Fiend | 7 | |
| Frost Wyrm | 2 | |
17 total
» upgrades
| Creature Attack | 2 | |
| Creature Carapace | 2 | |
| Web | 1 | |
5 total
» buildings
| Altar of Darkness | 1 | |
| Ziggurat | 5 | |
| Crypt | 1 | |
| Graveyard | 1 | |
| Tomb of Relics | 1 | |
| Halls of the Dead | 1 | |
| Nerubian Tower | 1 | |
| Black Citadel | 1 | |
| Sacrificial Pit | 1 | |
| Boneyard | 2 | |
| Spirit Tower | 2 | |
17 total
» build order
00:13 Altar of Darkness
00:17 Ziggurat
00:34 Crypt
01:12 Graveyard
01:31 Ziggurat
01:54 Tomb of Relics
04:20 Ziggurat
04:40 Halls of the Dead
06:10 Ziggurat
06:18 Nerubian Tower
07:24 Black Citadel
08:02 Sacrificial Pit
11:00 Boneyard
11:47 Ziggurat
12:26 Spirit Tower
12:30 Spirit Tower
12:43 Boneyard
» items
| Rod of Necromancy | 1 | |
| Scroll of Healing | 1 | |
2 total
Chat log
(00:19 / Allies) ffog: hi
(00:22 / Allies) ffog: dry here
(00:35 / Allies) Kvnagol: pink chim
(00:47 / Allies) Kvnagol: ?
(01:22 / Allies) Shiki[JA]: lol 3 ft?
(01:26 / Allies) Shiki[JA]: for real?
(01:35 / Allies) Shiki[JA]: gg
(01:35 / Allies) ffog: ok me hunts
(02:06 / Allies) ffog: mass
(04:49 / Allies) ffog: ty
(05:35 / Allies) ffog: gold?
(05:44 / Allies) ffog: ty
(07:29 / Allies) ffog: ty
(07:37 / Allies) AMERICA-BEST: wood
(11:49 / Allies) ffog: b
(12:41 / Allies) AMERICA-BEST: hall purple
(12:49 / Allies) Shiki[JA]: y
(14:42 / Allies) Kvnagol: gg
(16:55 / Allies) Shiki[JA]: repear